 Dungeon Crawl Stone Soup version 0.16.0-8-gd9ae3a8 (console) character file.

126 gw the Firebug (level 4, -10/41 HPs)
             Began as a Troll Fire Elementalist on Mar 17, 2015.
             Shot with an arrow by a centaur (14 damage)
             ... on level 3 of the Dungeon.
             The game lasted 00:02:26 (3294 turns).

gw the Firebug (Troll Fire Elementalist)            Turns: 3294, Time: 00:02:26

Health: -10/41     AC:  5    Str: 16    XL:     4   Next: 84%
Magic:  1/6        EV: 10    Int: 12    God:
Gold:   93         SH:  0    Dex: 12    Spells: 3 memorised, 0 levels left

rFire  . . .     SeeInvis .       - Unarmed
rCold  . . .     Clarity  .     a - +0 robe
rNeg   . . .     SustAb   .     (shield restricted)
rPois  .         Gourm    +     k - +0 hat
rElec  .         Spirit   .     (no cloak)
rCorr  .         Warding  .     (gloves unavailable)
rMut   .         Stasis   .     (boots unavailable)
MR     .....                    (no amulet)
Stlth  +.........               (no ring)
                                (no ring)

@: very slightly contaminated, not resistant to hostile enchantments, very
unstealthy
A: unfitting armour, claws 3, agile 1, fast metabolism 3, gourmand, regeneration
2, shaggy fur 1, tough skin 2
a: no special abilities


You were on level 3 of the Dungeon.
You were not hungry.

You visited 1 branch of the dungeon, and saw 3 of its levels.

You collected 93 gold pieces.

Inventory:

Missiles
 e - 57 stones
 j - 21 poisoned needles
 m - 2 tomahawks (quivered)
Armour
 a - a +0 robe (worn)
 k - a +0 hat (worn)
Magical devices
 l - a wand of magic darts (4)
Scrolls
 d - a scroll of identify
 g - 2 scrolls of teleportation
 i - a scroll of remove curse
Potions
 f - a potion of curing
Books
 b - a book of Flames

   Spells                             Type                      Level
   a - Flame Tongue                   Conjuration/Fire             1
   b - Throw Flame                    Conjuration/Fire             2
   c - Conjure Flame                  Conjuration/Fire             3
   d - Inner Flame                    Hexes/Fire                   3
   e - Sticky Flame                   Conjuration/Fire             4
   f - Fireball                       Conjuration/Fire             5
Comestibles
 c - a meat ration
 n - a bread ration


   Skills:
 + Level 1.0 Fighting
 + Level 2.2 Dodging
 - Level 1.1 Stealth
 + Level 1.5 Unarmed Combat
 + Level 2.3 Spellcasting
 - Level 0.6 Conjurations
 + Level 2.3 Fire Magic


You couldn't memorise any spells.
You knew the following spells:

 Your Spells              Type           Power        Failure   Level  Hunger
a - Flame Tongue          Conj/Fire      #....        14%         1    ##.....
b - Throw Flame           Conj/Fire      #.....       21%         2    ###....
c - Sticky Flame          Conj/Fire      #.......     97%         4    #####..


Dungeon Overview and Level Annotations

Branches:
Dungeon (3/15)

Altars:
Cheibriados
Qazlal


Innate Abilities, Weirdness & Mutations

You are too large for most types of armour.
You have claws for hands.
Your metabolism is lightning-fast.
You like to eat raw meat.
You heal very quickly.
You are covered in fur (AC +1).
You have very tough skin (AC +2).
You are agile. (Dex +2)


Message History

Evoke which item? (* to show all) (? for menu, Esc to quit)
Zapping:
l - a wand of magic darts {zapped: 9} (will waste charges)
Press: ? - help, Shift-Dir - straight line, f/p - centaur
Aim: a centaur, wielding a shortbow (lightly wounded)
The magic dart hits the centaur.
The centaur is lightly wounded.
Evoking this partially-identified wand wasted a few charges.
Unknown command.
Unknown command.
Unknown command.
Unknown command.
Evoke which item? (* to show all) (? for menu, Esc to quit)
Zapping:
l - a wand of magic darts {zapped: 11} (will waste charges)
Press: ? - help, Shift-Dir - straight line, f/p - centaur
Aim: a centaur, wielding a shortbow (lightly wounded)
The magic dart hits the centaur.
The centaur is heavily wounded.
Evoking this partially-identified wand wasted a few charges.
The centaur shoots an arrow.
The arrow hits you!
You die...

....# #.#.#
..<.# #######
.#### #.....#
....# #.%...#
.##.# ##.....#
....#
#....?.###
###.#
#.%.......# #
### #(T...c...#
#####
#.#+#....)#
....# #.# ###
###.# #.# #.#
#.#
#.###########.#
#.............#
###############


You could see a centaur.

Table legend:
 A = Turns spent in this place as a percentage of turns spent in the entire game.
 B = Non-inter-level travel turns spent in this place as a percentage of non-inter-level travel turns spent in the entire game.
 C = Inter-level travel turns spent in this place as a percentage of turns spent in this place.
 D = Turns resting spent in this place as a percentage of non-inter-level travel turns spent in this place.
 E = Turns spent auto-exploring this place as a percentage of non-inter-level travel turns spent in this place.
 F = Non-inter-level travel turns spent in this place divided by the number of levels of this place that you've seen.
                   A       B       C       D       E      F
               +-------+-------+-------+-------+-------+----------------------
         Total | 100.0 | 100.0 |   1.1 |   3.1 |   2.3 | 1352.3
       Dungeon | 100.0 | 100.0 |   1.1 |   3.1 |   2.3 | 1352.3
               +-------+-------+-------+-------+-------+----------------------

Table legend:
 A = Kills in this place as a percentage of kills in entire the game.
 B = Kills by you in this place as a percentage of kills by you in the entire game.
 C = Kills by friends in this place as a percentage of kills by friends in the entire game.
 D = Other kills in this place as a percentage of other kills in the entire game.
 E = Experience gained in this place as a percentage of experience gained in the entire game.
 F = Experience gained in this place divided by the number of levels of this place that you have seen.
                   A       B       C       D       E      F
               +-------+-------+-------+-------+-------+----------------------
         Total | 100.0 | 100.0 |  -nan |  -nan | 100.0 |  60.3
       Dungeon | 100.0 | 100.0 |  -nan |  -nan | 100.0 |  60.3
               +-------+-------+-------+-------+-------+----------------------

Vanquished Creatures
  4 adders (D:2)
  A gnoll (D:1)
  A giant mite (D:1)
  A worm (D:2)
  An adder zombie (D:1)
  2 giant geckos (D:2)
  2 oozes (D:2)
  3 ball pythons
  A bat zombie (D:1)
  3 giant cockroaches (D:1)
  5 hobgoblins
  8 kobolds
  7 bats
  4 giant newts
  9 goblins
  10 rats
62 creatures vanquished.

Notes
Turn   | Place    | Note
--------------------------------------------------------------
     0 | D:1      | gw, the Troll Fire Elementalist, began the quest for the Orb.
     0 | D:1      | Reached XP level 1. HP: 16/16 MP: 2/2
   156 | D:1      | Reached XP level 2. HP: 21/24 MP: 0/2
   181 | D:1      | Learned a level 2 spell: Throw Flame
   253 | D:1      | Reached XP level 3. HP: 23/32 MP: 0/4
   616 | D:1      | Reached skill level 1 in Unarmed Combat
  1619 | D:1      | Gained mutation: You are agile. (Dex +2) [potion of beneficial mutation]
  2071 | D:2      | Reached XP level 4. HP: 40/40 MP: 0/5
  2127 | D:2      | Learned a level 4 spell: Sticky Flame
  2487 | D:2      | Found a snail-covered altar of Cheibriados.
  2489 | D:2      | Found a stormy altar of Qazlal.
  2864 | D:2      | Reached skill level 1 in Fighting
  3288 | D:3      | Noticed a centaur
  3291 | D:3      | HP: 2/41 [centaur/arrow (11)]
  3294 | D:3      | Shot with an arrow by a centaur

Action                   |  1- 3 |  4- 6 || total
-------------------------+-------+-------++-------
Melee: Unarmed           |    34 |    20 ||    54
Throw: Stone             |    10 |    10 ||    20
       Tomahawk          |     9 |    13 ||    22
 Cast: Flame Tongue      |    29 |    26 ||    55
       Throw Flame       |    16 |    16 ||    32
Evoke: Wand              |       |     5 ||     5
  Use: Scroll            |     6 |     2 ||     8
       Potion            |     1 |     3 ||     4
  Eat: Chunk             |    18 |     9 ||    27
       Meat ration       |       |     1 ||     1

Vault maps used:
D:1:      saegor_arrival_fortress
D:2:      forest_paths, grunt_temple_overflow_open
